 Dungeon Crawl Stone Soup version 0.30-a0-913-g9934a0ce24 (webtiles) character file.

Game seed: 7871530129010298245

23 a11behringer the Poker (level 2, 0/22 HPs)
             Began as a Demonspawn Gladiator on Mar 19, 2023.
             Slain by a gnoll
             ... wielding a +0 spear
              (4 damage)
             ... on level 2 of the Dungeon.
             The game lasted 00:02:22 (890 turns).

a11behringer the Poker (Demonspawn Gladiator)        Turns: 890, Time: 00:02:23

Health: 0/22       AC:  5    Str: 14    XL:     2   Next: 75%
Magic:  2/2        EV: 12    Int:  9    God:
Gold:   65         SH:  0    Dex: 14    Spells: 1/1 levels left

rFire   . . .      SeeInvis .    a - +0 trident
rCold   . . .      Faith    .    (no shield)
rNeg    . . .      Spirit   .    b - +0 leather armour
rPois   .          Reflect  .    c - +0 helmet
rElec   .          Rampage  .    (no cloak)
rCorr   .                        (no gloves)
Will    .....                    n - +0 pair of boots
Stlth   +                        (no amulet)
HPRegen 0.23/turn                (no ring)
MPRegen 0.16/turn                (no ring)

@: no status effects
A: magic regeneration
a: no special abilities


You were on level 2 of the Dungeon.
You visited 1 branch of the dungeon, and saw 2 of its levels.

You collected 65 gold pieces.

Inventory:

Hand Weapons
 a - a +0 trident (weapon)
Missiles
 d - 3 throwing nets (quivered)
 e - a javelin
 f - 8 poisoned darts
Armour
 b - a +0 leather armour (worn)
 c - a +0 helmet (worn)
 n - a +0 pair of boots (worn)
Scrolls
 g - 6 scrolls of identify {unknown}
 h - 2 scrolls of enchant weapon {unknown}
 k - 2 scrolls of enchant armour {unknown}
 m - 2 scrolls of magic mapping {unknown}
 o - a scroll of immolation {unknown}
Potions
 i - 4 potions of curing {unknown}
 j - 2 potions of lignification {unknown}
 l - a potion of berserk rage {unknown}
 p - a potion of invisibility {unknown}


   Skills:
 + Level 2.2 Fighting
 * Level 3.1 Polearms
 + Level 2.0 Throwing
 + Level 0.3 Armour
 + Level 2.8 Dodging
 + Level 0.4 Stealth
 + Level 0.3 Spellcasting


You had one spell level left.
You didn't know any spells.
Your spell library contained the following spells:

 Spells                   Type           Power      Damage    Failure   Level
 Blink                    Tloc           0%         N/A       61%         2
 Manifold Assault         Tloc           0%         N/A       99%         4
 Storm Form               Tmut/Air       0%         N/A       100%        7


Dungeon Overview and Level Annotations

Branches:
Dungeon (2/15)

Altars:


Innate Abilities, Weirdness & Mutations

You regenerate magic rapidly.


Message History

a +0 short sword; 3 stones; a kobold corpse A giant cockroach comes into view.
Found a stone staircase leading down.
A giant cockroach is nearby!
You reach to attack!
You barely miss the giant cockroach. You hit the giant cockroach.
You kill the giant cockroach!
No target in view!
g - 6 scrolls labelled ILA ZEENUOTHIRR (gained 1)
A gnoll comes into view.
It is wielding a +0 spear. 2 gnolls come into view.
You reach to attack!
You closely miss the gnoll.
The gnoll shouts!
You hear a shout!
A gnoll comes into view. It is wielding a +0 club.
The gnoll hits you from afar with a +0 spear.
You reach to attack!
You barely miss the gnoll. The gnoll closely misses you.
The gnoll barely misses you.
You reach to attack!
You barely miss the gnoll.
The gnoll hits you from afar with a +0 spear.
You reach to attack!
You hit the gnoll but do no damage. The gnoll misses you.
You reach to attack!
You closely miss the gnoll. The gnoll completely misses you.
You reach to attack!
You barely miss the gnoll.
The gnoll hits you from afar with a +0 spear.
You reach to attack!
You hit the gnoll.
The gnoll is moderately wounded.
The gnoll hits you but does no damage.
You reach to attack!
You hit the gnoll but do no damage.
The gnoll is moderately wounded.
The gnoll hits you from afar with a +0 spear.
You are too injured to fight recklessly!
You are too injured to fight recklessly!
You are too injured to fight recklessly!
You are too injured to fight recklessly!
You are too injured to fight recklessly!
The gnoll hits you with a +0 spear.
* * * LOW HITPOINT WARNING * * *
The gnoll attacks as you move away! The gnoll closely misses you.
The gnoll attacks as you move away! The gnoll hits you with a +0 spear.
You die...

######### #
#....g.g######.#
#.#####g@......### #
#...........# #
#...########.# #
.#####...########..##
# #...............
....# #
##.#.###.#######
#...# # # #.# #.#.# #
#.# #...#### #.#####
#.......


You could see 3 gnolls.

Vanquished Creatures
  3 giant cockroaches
  4 goblins
  3 hobgoblins
  A quokka (D:1)
  A ball python (D:2)
  3 bats
  4 kobolds
  2 rats (D:1)
21 creatures vanquished.

Notes
Turn   | Place    | Note
-------+----------+-------------------------------------------
     0 | D:1      | a11behringer the Demonspawn Gladiator began the quest for
                  | the Orb.
     0 | D:1      | Reached XP level 1. HP: 16/16 MP: 1/1
   348 | D:1      | Gained mutation: You regenerate magic rapidly. [demonic
                  | ancestry]
   348 | D:1      | Reached XP level 2. HP: 21/22 MP: 2/2
   485 | D:1      | Reached skill level 3 in Polearms
   890 | D:2      | Slain by a gnoll

Illustrated notes

Levels and vault maps discovered:
D:1:      sevenhm_arrival_forest_fort_small_3, layout_basic
D:2:      cheibrodos_pilgrimage, layout_loops_ring, basic_altar,
          chequers_serial_rivers_room_b, minmay_pentomino_w4

Skill      XL: |  1  2 |
---------------+-------+-----
Polearms       | 3 |  3.1
Throwing       | 2 |  2.0
Fighting       | |  2.2
Armour         | |  0.3
Dodging        | |  2.8
Stealth        | |  0.4
Spellcasting   | |  0.3

Action                     || total
---------------------------++-------
  Melee: Trident           ||    83
 Armour: Leather armour    ||    25
  Dodge: Dodged            ||    43

Table legend: (Time is in decaauts)
 A = Elapsed time spent in this place.
 B = Non-inter-level travel time spent in this place.
 C = Inter-level travel time spent in this place.
 D = Time resting spent in this place.
 E = Time spent auto-exploring this place.
 F = Levels seen in this place.
 G = Mean time per level.
                   A        B        C        D        E       F      G
               +--------+--------+--------+--------+--------+-----+--------+
         Total |    901 |    844 |     57 |      0 |    668 |   2 |  450.5 |
       Dungeon |    901 |    844 |     57 |      0 |    668 |   2 |  450.5 |
               +--------+--------+--------+--------+--------+-----+--------+

Top non-repeatable levels by time:
     D:1: 763 daAuts
     D:2: 138 daAuts
